 Dungeon Crawl Stone Soup version 0.21-a0-221-gfe971b9 (webtiles) character file.

189 Gorglomux the Skirmisher (level 5, -17/48 HPs)
             Began as a Hill Orc Earth Elementalist on Aug 26, 2017.
             Demolished by an ogre
             ... wielding a +0 giant club
              (18 damage)
             ... on level 4 of the Dungeon.
             The game lasted 00:05:03 (3725 turns).

Gorglomux the Skirmisher (HOEE)                     Turns: 3725, Time: 00:05:03

Health: -17/48     AC:  2    Str: 10 (12) XL:     5   Next: 68%
Magic:  7/7        EV: 12    Int: 13 (15) God:
Gold:   179        SH:  0    Dex: 10 (11) Spells: 6/7 levels left

rFire    . . .     SeeInvis .   b - +0 hunting sling (freeze)
rCold    . . .     Gourm    .   (no shield)
rNeg     . . .     Faith    .   c - +0 robe
rPois    +         Spirit   .   (helmet restricted)
rElec    .         Reflect  .   (no cloak)
rCorr    .         Harm     .   (no gloves)
MR       .....                  (no boots)
Stlth    ++........             (no amulet)
HPRegen  0.16/turn              l - ring of flight
MPRegen  0.10/turn              (no ring)

@: no status effects
A: horns 1, poison resistance
a: Evoke Flight


You were on level 4 of the Dungeon.
You were hungry.

You visited 1 branch of the dungeon, and saw 4 of its levels.

You collected 179 gold pieces.

Inventory:

Hand Weapons
 a - a +0 hand axe
 b - a +0 hunting sling of freezing (weapon)
 m - a +0 mace
Missiles
 k - 63 stones (quivered)
Armour
 c - a +0 robe (worn)
 t - a +0 helmet
Jewellery
 l - a ring of flight (left hand)
 B - a cursed amulet of inaccuracy {unknown}
Scrolls
 i - 2 scrolls of amnesia
 n - a scroll of enchant weapon {unknown}
 p - a scroll of blinking {unknown}
 r - 2 scrolls of teleportation {unknown}
 v - a scroll of magic mapping {unknown}
 z - 2 scrolls of recharging {unknown}
 C - a scroll of enchant armour {unknown}
 R - 4 scrolls of identify
Potions
 o - a potion of flight
 y - a potion of brilliance {unknown}
Books
 e - a book of Geomancy

   Spells                             Type                      Level
   a - Sandblast                      Earth                        1
   b - Passwall                       Transmutation/Earth          2
   c - Stone Arrow                    Conjuration/Earth            3
   d - Petrify                        Transmutation/Earth          4
   e - Lee's Rapid Deconstruction     Earth                        5
Comestibles
 d - 4 bread rations
 q - 2 royal jellies
 u - a fruit


   Skills:
 + Level 5.1 Fighting
 + Level 3.6 Axes
 - Level 1.5 Dodging
 - Level 1.5 Stealth
 - Level 1.5 Spellcasting
   Level 0.6 Transmutations
 - Level 3.0 Earth Magic


You had 6 spell levels left.
You knew the following spells:

 Your Spells              Type           Power        Failure   Level  Hunger
a - Sandblast             Erth           #.....       8%          1    ##.....


Dungeon Overview and Level Annotations

Branches:
Dungeon (4/15)
 Temple: D:4-7

Altars:
Ashenzari
Cheibriados


Innate Abilities, Weirdness & Mutations

You have a pair of small horns on your head.
Your system is resistant to poisons. (rPois)


Message History

Butt feel resistant to poisons!
The ooze closely butts you! The ogre barely misses you!
Butt command!
It was a potion of curing!
You feel better! The ooze closely misses you!
The ogre hits you with a giant club!!! * * * don't die
* * * Butt was a potion of degeneration!
There was butt very wrong with that butt!
You feel weakened!
You feel dopey!
You feel clumsy! The ooze hits you! * * * don't die
* * * It was a potion of magic!
Magic courses through your body! The ogre misses you!
The ooze hits you! * * * don't die
* * * It was a potion of cancellation!
Your magical effects butt unravelling!
You feel magically purged!
You float gracefully downwards!
The ooze barely misses you!
The ogre hits you with a giant club!!!!!! rip

# #. #.#...# ......
#.#...#### ......
.......J.# ......
#.#..# #@# ......
#.#..# #O# .!....
#.#.O# #O# ......
#.#..# #.#
......###.#.O###.###.#
((.((.<..............#
#########........#####
###..##### ##.#


You could see 2 ogres and an ooze.

Vanquished Creatures
  Jessica (D:2)
  The ghost of tidbits the Skirmisher, a weakling DgWn (D:3)
  5 adders
  6 worms
  4 dart slugs
  2 leopard geckos (D:1)
  3 giant cockroaches
  9 goblins
  10 hobgoblins
  5 jackals
  6 kobolds
  A quokka (D:3)
  14 bats
  5 frilled lizards
  4 rats
76 creatures vanquished.

Notes
Turn   | Place    | Note
-------+----------+-------------------------------------------
     0 | D:1      | Gorglomux the Hill Orc Earth Elementalist began the quest for the Orb.
     0 | D:1      | Reached XP level 1. HP: 14/14 MP: 3/3
    62 | D:1      | Reached skill level 1 in Fighting
   206 | D:1      | Reached XP level 2. HP: 19/24 MP: 4/4
   213 | D:1      | Reached skill level 2 in Fighting
   586 | D:1      | Reached skill level 3 in Fighting
   605 | D:1      | Reached XP level 3. HP: 8/31 MP: 1/5
  1347 | D:1      | Reached skill level 1 in Axes
  1550 | D:2      | Reached XP level 4. HP: 32/40 MP: 6/6
  1640 | D:2      | Reached skill level 4 in Fighting
  2116 | D:2      | Found a snail-covered altar of Cheibriados.
  2138 | D:2      | Noticed Jessica
  2143 | D:2      | Killed Jessica
  2143 | D:2      | Reached XP level 5. HP: 40/47 MP: 7/7
  2200 | D:2      | Reached skill level 3 in Axes
  2622 | D:3      | Noticed tidbits's ghost (weakling DgWn)
  3164 | D:3      | Killed tidbits's ghost
  3164 | D:3      | Reached skill level 5 in Fighting
  3391 | D:3      | Found a shattered altar of Ashenzari.
  3698 | D:4      | Noticed an ogre
  3707 | D:4      | Noticed an ogre
  3721 | D:4      | Gained mutation: You have a pair of small horns on your head. [potion of mutation]
  3721 | D:4      | Gained mutation: Your system is resistant to poisons. (rPois) [potion of mutation]
  3723 | D:4      | HP: 2/48 [ooze (2)]
  3725 | D:4      | Demolished by an ogre

Vault maps used:
D:1:      arrival_zaba_pyramid, serial_bayou_pond_e, kennysheep_pointless_box,
          minmay_pentomino_w4
D:2:      lemuel_round_altar, first_bread, minmay_misc_feat_nine_boxes,
          kennysheep_generic_room_5, uniq_jessica
D:3:      ashenzari_conservatory_becter
D:4:      black_bear_nest_1, old_standard_altar, marbit_many_paths,
          minmay_temple_entry_nine_rooms

Skill      XL: |  1  2  3  4  5 |
---------------+----------------+-----
Fighting       | 1 3 4 5 |  5.1
Axes           | 1 2 3 |  3.6
Dodging        | |  1.5
Stealth        | |  1.5
Spellcasting   | |  1.5
Transmutations | |  0.6
Earth Magic    | |  3.0

Action                   |  1- 3 |  4- 6 || total
-------------------------+-------+-------++-------
Melee: Unarmed           |    10 |       ||    10
       Mace              |    67 |     6 ||    73
       Hand axe          |       |    10 ||    10
 Fire: Hunting sling     |    45 |   167 ||   212
 Cast: Sandblast         |    25 |       ||    25
  Use: Potion            |       |     6 ||     6
       Scroll            |       |     1 ||     1
  Eat: Chunk             |     3 |     4 ||     7
       Royal jelly       |       |     1 ||     1
Armor: Robe              |    57 |    50 ||   107
Dodge: Dodged            |   162 |   106 ||   268

Table legend:
 A = Spawn XP
 B = Non-spawn XP
 C = Spawn XP percentage of total XP
 D = Spawn monster count
 E = Non-spawn monster count
 F = Spawn count percentage of total count
 G = Total turns spent on level
                    A         B        C        D         E        F      G
               +---------+---------+-------+---------+---------+-------+---------
         Total |      32 |     238 |  11.9 |      11 |      65 |  14.5 |  3725
               +---------+---------+-------+---------+---------+-------+---------
           D:1 |      12 |      60 |  16.7 |       8 |      33 |  19.5 |  1543
           D:2 |      15 |     118 |  11.3 |       2 |      24 |   7.7 |  1153
           D:3 |       5 |      60 |   7.7 |       1 |       8 |  11.1 |  1002
               +---------+---------+-------+---------+---------+-------+---------
